AoeStats
← joeyvankoningsbruggen

Hideout

510174777Analyzed
1v1 RM · 2d ago on Sep 29, 2026· 58m 7s· 2 players
Game mode
Random Map
Map size
Tiny (2 player)
Population
200
Speed
Normal
Resources
Standard
Victory
Conquest
Starting age
Dark Age
Ending age
Imperial Age
RankedLock teamsTeams togetherTeam positionsShared explorationLock speedFull tech treeHidden civsTurbo modeCheats
Victory
Defeat
🇨🇴 Britons · Colombia
1156
+18
🇲🇹 Romans · Malta
1199
-18
Elfelo
10:39 Feudal Age
11:13 Double-Bit Axe
11:10 Horse Collar
11:25 Gold Mining
14:26 Fletching
19:45 Castle Age
20:14 Padded Archer Armor
19:58 Crossbowman
20:15 Elite Skirmisher
21:01 Town Watch
23:09 Wheelbarrow
22:20 Loom
23:23 Stone Mining
24:54 Bodkin Arrow
26:38 Bow Saw
28:16 Hand Cart
29:14 Ballistics
33:30 Imperial Age
32:57 Gold Shaft Mining
33:33 Heavy Plow
33:35 Town Patrol
34:50 Conscription
35:12 Bracer
35:27 Leather Archer Armor
36:04 Leather Archer Armor
36:54 Hoardings
37:41 Two-Man Saw
36:38 Arbalester
39:17 Ring Archer Armor
38:21 Light Cavalry
38:33 Pikeman
39:13 Squires
38:58 Gambesons
40:55 Onager
44:32 Warwolf
45:47 Siege Engineers
46:49 Chemistry
46:00 Masonry
46:01 Careening
46:04 Masonry
45:51 Murder Holes
45:37 Treadmill Crane
46:08 Fortified Wall
50:21 Forging
50:11 Scale Mail Armor
54:18 Capped Ram
57:30 Guard Tower
joeyvankoningsbruggen
5:06 Loom
11:24 Feudal Age
11:30 Man-at-Arms
12:12 Double-Bit Axe
18:21 Castle Age
17:00 Fletching
17:20 Gold Mining
17:29 Horse Collar
20:38 Wheelbarrow
19:48 Town Watch
22:53 Ballistics
23:19 Squires
25:45 Bow Saw
25:10 Pikeman
27:46 Stone Mining
29:08 Hand Cart
35:56 Imperial Age
34:56 Scale Barding Armor
35:02 Forging
36:58 Conscription
37:15 Scale Mail Armor
37:50 Iron Casting
38:55 Heavy Scorpion
41:02 Chemistry
40:13 Siege Engineers
43:09 Chain Mail Armor
43:13 Ballistas
43:45 Halberdier
Connection lost

Rejoining the realm…

Still unreachable

The connection could not be restored.

Session expired

The server has moved on; the page needs a fresh start.